 Dungeon Crawl Stone Soup version 0.19.5 (webtiles) character file.

3735 Scud the Carver (level 10, 0/51 HPs)
             Began as a Vine Stalker Fighter on Mar 15, 2017.
             Was a Follower of Qazlal.
             Slain by a yak (3 damage)
             ... on level 11 of the Dungeon.
             The game lasted 00:44:28 (7231 turns).

Scud the Carver (Vine Stalker Fighter)              Turns: 7231, Time: 00:44:29

Health: 0/51       AC: 15    Str: 21    XL:     10   Next: 15%
Magic:  0/11       EV:  9    Int:  8    God:    Qazlal [*.....]
Gold:   406        SH: 13    Dex: 15    Spells: 0 memorised, 9 levels left

rFire  . . .     SeeInvis .     a - +0 long sword
rCold  . . .     Gourm    .     P - +1 chain mail of the Hills {MR+}
rNeg   . . .     Faith    .     c - +0 shield
rPois  .         Spirit   +     h - +1 helmet
rElec  .         Reflect  .     (no cloak)
rCorr  .         Harm     .     (no gloves)
MR     ++...                    (no boots)
Stlth  ..........               (no amulet)
                                I - +2 ring of protection
                                t - +2 ring of evasion

@: no status effects
A: fangs 3, regeneration 1, magic shield, antimagic bite, no device heal 3, rot
immunity
a: Renounce Religion


You were on level 11 of the Dungeon.
You worshipped Qazlal.
Qazlal was aware of your devotion.
You were not hungry.

You visited 2 branches of the dungeon, and saw 10 of its levels.

You collected 406 gold pieces.

Inventory:

Hand Weapons
 a - a +0 long sword (weapon)
 G - a +0 trident of venom
Missiles
 u - 4 poisoned tomahawks (quivered)
 O - 6 javelins
Armour
 c - a +0 shield (worn)
 h - a +1 helmet (worn)
 P - the +1 chain mail of the Hills (worn) {MR+}
   (You found it on level 6 of the Dungeon)

   It affects your resistance to hostile enchantments.
Jewellery
 t - a +2 ring of evasion (left hand)
 x - an uncursed ring of protection from magic
 y - an uncursed ring of protection from cold
 A - a +4 ring of evasion
 F - an uncursed ring of magical power
 I - a +2 ring of protection (right hand)
Wands
 p - a wand of lightning (11/15)
 v - a wand of paralysis (17/24)
 D - a wand of confusion (15/48)
 K - a wand of disintegration (19/24)
 N - a wand of iceblast (13/15)
Scrolls
 b - a scroll of recharging
 i - a scroll of blinking {unknown}
 j - a scroll of random uselessness
 k - a scroll of amnesia
 l - a scroll of fog
 m - a scroll of teleportation
 q - 4 scrolls of remove curse
 z - a scroll of brand weapon {unknown}
 H - a scroll of noise {unknown}
 L - 5 scrolls of identify {unknown}
Potions
 d - a potion of might
 e - a potion of brilliance
 f - 5 potions of curing
 B - a potion of haste
Books
 w - a book of Callings

   Spells                             Type                      Level
   a - Summon Small Mammal            Summoning                    1
   b - Call Imp                       Summoning                    2
   c - Call Canine Familiar           Summoning                    3
   d - Summon Guardian Golem          Hexes/Summoning              3
   e - Summon Lightning Spire         Summoning/Air                4
   f - Summon Ice Beast               Ice/Summoning                4
 C - a book of Cantrips

   Spells                             Type                      Level
   a - Confusing Touch                Hexes                        1
   b - Animate Skeleton               Necromancy                   1
   c - Summon Small Mammal            Summoning                    1
   d - Apportation                    Translocation                1
Comestibles
 g - 2 meat rations
 n - 3 fruits
 o - a beef jerky
 s - a bread ration


   Skills:
 + Level 5.1 Fighting
 + Level 8.3 Long Blades
 + Level 6.0 Armour
 + Level 2.3 Dodging
 - Level 2.0 Stealth
 + Level 6.8 Shields


You had 9 spell levels left.
You didn't know any spells.

Dungeon Overview and Level Annotations

Branches:
Dungeon (8/15)             Temple (1/1) D:7
   Lair: D:8-11

Altars:
Ashenzari
Cheibriados
Dithmenos
Elyvilon
Fedhas
Gozag
Hepliaklqana
Kikubaaqudgha
Makhleb
Nemelex Xobeh
Okawaru
Qazlal
Ru
Sif Muna
Trog
Uskayaw
Vehumet
Xom
Yredelemnul
Zin
The Shining One

Shops:
D:6 ?   D:7 **![


Innate Abilities, Weirdness & Mutations

You have razor-sharp teeth.
Your natural rate of healing is unusually fast.
When hurt, damage is shared between your health and your magic reserves.
Your bite disrupts and absorbs the magic of your enemies.
Potions and wands cannot restore your health.
You are immune to rotting.


Message History

The worker ant bites you.
* * * LOW HITPOINT WARNING * * *
You block the yak's attack. The yak gores you.
The worker ant bites you but does no damage.
You hit the worker ant. Your bite misses the worker ant.
The worker ant is heavily wounded.
The yak gores you but does no damage. You block the worker ant's attack.
You block the yak's attack.
You hit the worker ant.
You bite the worker ant, but do no damage.
The worker ant is severely wounded.
You block the worker ant's attack. The yak gores you but does no damage.
The yak gores you.
* * * LOW HITPOINT WARNING * * *
Unknown command.
You hit the worker ant.
You kill the worker ant!
Qazlal accepts your kill. The yak gores you.
You die...

### ###.## ##.Y†.#
###..Y@#
###.##.#†##
#....##...#
......#..##
...#.....#
...##.#.## ##
....#....###.####.
...#[.........#...
...>..............


You could see 2 yaks.

Vanquished Creatures
  4 hippogriffs
  Sigmund (D:4)
  2 yaks (D:11)
  Menkaure (D:7)
  A black bear (D:8)
  2 orc warriors (D:8)
  2 sky beasts (D:6)
  3 ogres
  2 centaurs (D:8)
  A big kobold (D:8)
  6 bullfrogs
  4 scorpions
  A howler monkey (D:8)
  4 crimson imps
  A hound (D:4)
  A jelly (D:7)
  3 orc priests (D:6)
  A bullfrog skeleton (D:8)
  A centaur skeleton (D:6)
  An iguana (D:8)
  4 orc wizards
  4 worker ants
  2 hound skeletons
  2 howler monkey zombies
  Robin (D:4)
  4 gnolls (D:5)
  10 adders
  A shadow imp (D:6)
  3 oozes
  2 adder skeletons
  2 adder zombies
  2 worms
  2 dart slugs (D:3)
  6 leopard geckos
  16 orcs
  4 bats
  9 giant cockroaches
  16 goblins
  15 hobgoblins
  7 jackals
  5 quokkas
  4 ball pythons (D:5)
  3 frilled lizards
  11 kobolds
  5 rats
182 creatures vanquished.

Notes
Turn   | Place    | Note
-------+----------+-------------------------------------------
     0 | D:1      | Scud the Vine Stalker Fighter began the quest for the Orb.
     0 | D:1      | Reached XP level 1. HP: 11/11 MP: 2/2
    77 | D:1      | Reached XP level 2. HP: 15/16 MP: 3/3
   207 | D:1      | Reached skill level 2 in Long Blades
   445 | D:1      | Reached XP level 3. HP: 20/20 MP: 4/4
   663 | D:2      | Gained mutation: You have sharp toenails. [potion of mutation]
   663 | D:2      | Gained mutation: Armour fits poorly on your strangely shaped body. [potion of mutation]
   663 | D:2      | Gained mutation: Your mind is acute. (Int +2) [potion of mutation]
  1369 | D:2      | Gained mutation: Your natural rate of healing is unusually fast. [Vine Stalker growth]
  1369 | D:2      | Reached XP level 4. HP: 5/24 MP: 5/5
  1983 | D:3      | HP: 1/24 [scorpion (4)]
  1994 | D:3      | Reached skill level 3 in Long Blades
  1994 | D:3      | Reached XP level 5. HP: 4/28 MP: 2/6
  2098 | D:3      | Reached skill level 1 in Stealth
  2735 | D:4      | Found a sparkling altar of Nemelex Xobeh.
  2738 | D:4      | Found a shimmering altar of Xom.
  2741 | D:4      | Found a bloodstained altar of Trog.
  2751 | D:4      | Found a hide-covered altar of Uskayaw.
  2755 | D:4      | Found a blossoming altar of Fedhas.
  2810 | D:4      | Noticed an ogre
  2816 | D:4      | Killed an ogre
  2816 | D:4      | Reached XP level 6. HP: 31/32 MP: 7/7
  2846 | D:4      | Noticed Robin
  2875 | D:4      | Reached skill level 1 in Dodging
  2886 | D:4      | Killed Robin
  3147 | D:4      | Noticed Sigmund
  3158 | D:4      | Killed Sigmund
  3158 | D:4      | Reached skill level 4 in Long Blades
  3158 | D:4      | Reached XP level 7. HP: 36/36 MP: 8/8
  3368 | D:5      | Entered Level 5 of the Dungeon
  3800 | D:5      | Reached skill level 5 in Long Blades
  4169 | D:5      | Gained mutation: You have razor-sharp teeth. [Vine Stalker growth]
  4169 | D:5      | Reached XP level 8. HP: 38/42 MP: 9/9
  4390 | D:6      | Lost mutation: You have sharp toenails. [potion of cure mutation]
  4390 | D:6      | Lost mutation: Armour fits poorly on your strangely shaped body. [potion of cure mutation]
  4390 | D:6      | Lost mutation: Your mind is acute. (Int +2) [potion of cure mutation]
  4460 | D:6      | Found Yseicam's Magic Scroll Boutique.
  4577 | D:6      | Got a warped chain mail
  4596 | D:6      | Identified the +1 chain mail of the Hills {MR+} (You found it on level 6 of the Dungeon)
  4675 | D:6      | Reached skill level 6 in Long Blades
  4675 | D:6      | Reached skill level 5 in Armour
  5346 | D:7      | Noticed a hippogriff
  5352 | D:7      | Killed a hippogriff
  5352 | D:7      | Reached skill level 5 in Shields
  5352 | D:7      | Reached XP level 9. HP: 34/45 MP: 10/10
  5380 | D:7      | Found Uweih's General Store.
  5392 | D:7      | Found a staircase to the Ecumenical Temple.
  5439 | Temple   | Entered the Ecumenical Temple
  5541 | Temple   | Became a worshipper of Qazlal Stormbringer
  5688 | D:7      | Found a basalt altar of Yredelemnul.
  5736 | D:7      | Found Ifaihy's Antique Armour Shop.
  5904 | D:7      | Noticed Menkaure
  5931 | D:7      | Killed Menkaure
  5931 | D:7      | Reached skill level 7 in Long Blades
  5951 | D:7      | Found Hitydiaqui's Distillery.
  5957 | D:7      | Found Qoromiod's General Store.
  6589 | D:8      | Reached * piety under Qazlal
  6642 | D:8      | Reached skill level 5 in Fighting
  6672 | D:8      | Got a slimy buckler
  7191 | D:8      | You fall through a shaft for 3 floors!
  7215 | D:11     | Reached skill level 8 in Long Blades
  7215 | D:11     | Reached XP level 10. HP: 46/51 MP: 11/11
  7230 | D:11     | HP: 2/51 [yak (4)]
  7231 | D:11     | Slain by a yak

Skill      XL: |  1  2  3  4  5  6  7  8  9 10 |
---------------+-------------------------------+-----
Fighting       | 3 4 5 |  5.1
Long Blades    | 2 3 4 5 6 8 |  8.3
Shields        | 3 4 5 6 |  6.8
Armour         | 3 4 5 6 |  6.0
Stealth        | 1 2 |  2.0
Dodging        | 1 2 |  2.3

Action                   |  1- 3 |  4- 6 |  7- 9 | 10-12 || total
-------------------------+-------+-------+-------+-------++-------
Melee: Long sword        |    83 |   154 |   394 |    16 ||   647
       Bite              |    26 |    43 |   153 |     6 ||   228
       Kick              |    12 |    40 |    46 |       ||    98
  Use: Potion            |     6 |     2 |     3 |       ||    11
       Scroll            |       |       |     8 |       ||     8
  Eat: Bread ration      |     1 |       |     1 |       ||     2
       Fruit             |       |     2 |       |       ||     2
       Chunk             |       |     2 |     4 |       ||     6
       Royal jelly       |       |       |     1 |       ||     1
       Meat ration       |       |       |     1 |       ||     1
       Pizza             |       |       |     1 |       ||     1
Armor: Scale mail        |    44 |    35 |    38 |       ||   117
       Chain mail        |       |       |   134 |    18 ||   152
Dodge: Dodged            |    46 |    46 |   134 |     7 ||   233
Block: Shield            |    65 |    79 |   220 |    19 ||   383
       Rpst.: Long sword |    17 |    12 |    38 |     2 ||    69
